[ AOE2 MATCH · #505003617 ]
UnrankedItalians vs Britons
Player's team · WIN
Rival team · LOSS
[ REPLAY ANALYSIS · EXTRACTED FROM THE RECORDED GAME ]
Feudal
8:01
Castle
22:31
Imperial
34:40
| APM avg | 66.4 |
| APM peak | 138 |
| eAPM avg | 46.1 |
| Villagers / military | 153 / 36 |
Focus
⚔️ 47.4% · 🌾 52.6%
Archer ×19 · Skirmisher ×10 · Mangonel ×4 · Monk ×2 · Trebuchet (Packed) ×1
Feudal
10:30
Castle
18:32
Imperial
—
| APM avg | 51.7 |
| APM peak | 91 |
| eAPM avg | 27.7 |
| Villagers / military | 107 / 17 |
Focus
⚔️ 23.5% · 🌾 76.5%
Mangonel ×9 · Longbowman ×8
Match map
Initial resources + every placement click. Lines = walls · curves = elevation contours. ◆ gold · ⬟ stone · ● berries · ✦ relic · ◌ wall gap
Your base· ✓ Closed at 22:31 · 0t walls · 2 gate(s)
RoR | Vodka_L_2's base· ✓ Closed at 18:32 · 28t walls · 3 gate(s)
Smoothed initial terrain · ◌ = detected wall gap · hover for details
Inputs per minute
— wR.Sebastian - - RoR | Vodka_L_2
Build order — wR.Sebastian
First 150 of 352 actions detected
| 0:00 | Create | Villager (Male) |
| 0:02 | Build | House |
| 0:02 | Build | House |
| 0:02 | Create | Villager (Male) |
| 0:15 | Create | Villager (Male) |
| 0:38 | Create | Villager (Male) |
| 1:28 | Create | Villager (Male) |
| 1:45 | Build | Lumber Camp |
| 1:57 | Create | Villager (Male) |
| 1:57 | Create | Villager (Male) |
| 2:10 | Create | Villager (Male) |
| 2:48 | Create | Villager (Male) |
| 3:19 | Create | Villager (Male) |
| 3:19 | Create | Villager (Male) |
| 3:28 | Build | House |
| 3:32 | Build | House |
| 3:37 | Create | Villager (Male) |
| 3:47 | Create | Villager (Male) |
| 3:54 | Create | Villager (Male) |
| 4:38 | Build | Mining Camp |
| 4:51 | Create | Villager (Male) |
| 5:05 | Create | Villager (Male) |
| 5:49 | Research | Feudal Age |
| 5:49 | Research | Feudal Age |
| 6:18 | Create | Villager (Male) |
| 6:55 | Create | Villager (Male) |
| 7:00 | Build | Barracks |
| 7:17 | Build | House |
| 7:31 | Build | House |
| 7:32 | Create | Villager (Male) |
| 8:01 | Age | Feudal Age |
| 8:02 | Build | Archery Range |
| 8:07 | Build | Watch Tower |
| 8:12 | Create | Villager (Male) |
| 8:31 | Build | House |
| 8:53 | Create | Villager (Male) |
| 8:54 | Create | Archer |
| 9:03 | Create | Villager (Male) |
| 9:08 | Build | Mill |
| 9:17 | Create | Archer |
| 9:27 | Create | Archer |
| 9:36 | Create | Villager (Male) |
| 9:42 | Build | Blacksmith |
| 9:52 | Create | Villager (Male) |
| 9:54 | Build | House |
| 9:59 | Create | Archer |
| 10:22 | Create | Villager (Male) |
| 10:28 | Build | Mining Camp |
| 10:30 | Build | House |
| 10:46 | Research | Fletching |
| 10:46 | Research | Fletching |
| 10:46 | Research | Fletching |
| 11:02 | Create | Villager (Male) |
| 11:02 | Create | Villager (Male) |
| 11:04 | Create | Archer |
| 11:32 | Create | Villager (Male) |
| 11:32 | Create | Villager (Male) |
| 11:33 | Create | Villager (Male) |
| 11:34 | Build | Mill |
| 11:40 | Build | Watch Tower |
| 12:01 | Create | Villager (Male) |
| 12:01 | Create | Villager (Male) |
| 12:43 | Build | Farm |
| 12:43 | Build | Farm |
| 12:49 | Create | Villager (Male) |
| 12:50 | Create | Villager (Male) |
| 12:54 | Build | Watch Tower |
| 13:07 | Build | Watch Tower |
| 13:16 | Build | Farm |
| 13:19 | Build | Farm |
| 13:19 | Create | Villager (Male) |
| 13:20 | Build | Farm |
| 13:47 | Create | Villager (Male) |
| 13:50 | Build | Farm |
| 13:51 | Build | Farm |
| 14:00 | Create | Archer |
| 14:07 | Build | House |
| 14:09 | Research | Loom |
| 14:21 | Build | Watch Tower |
| 14:26 | Create | Villager (Male) |
| 14:30 | Create | Villager (Male) |
| 14:47 | Build | House |
| 14:48 | Create | Villager (Male) |
| 14:51 | Build | Farm |
| 15:04 | Create | Villager (Male) |
| 15:12 | Build | Farm |
| 15:42 | Build | Watch Tower |
| 15:56 | Create | Villager (Male) |
| 15:57 | Build | Farm |
| 16:00 | Research | Double-Bit Axe |
| 16:00 | Research | Double-Bit Axe |
| 16:00 | Research | Double-Bit Axe |
| 16:06 | Create | Villager (Male) |
| 16:15 | Create | Villager (Male) |
| 16:18 | Create | Villager (Male) |
| 16:36 | Create | Villager (Male) |
| 16:37 | Create | Villager (Male) |
| 16:42 | Build | Farm |
| 16:46 | Research | Horse Collar |
| 16:46 | Research | Horse Collar |
| 17:01 | Create | Archer |
| 17:08 | Build | Farm |
| 17:19 | Research | Wheelbarrow |
| 17:20 | Research | Wheelbarrow |
| 17:57 | Build | Lumber Camp |
| 18:13 | Create | Villager (Male) |
| 18:17 | Build | House |
| 18:17 | Build | House |
| 18:27 | Create | Archer |
| 18:35 | Build | Watch Tower |
| 18:38 | Build | Watch Tower |
| 19:20 | Create | Villager (Male) |
| 19:51 | Research | Castle Age |
| 19:51 | Research | Castle Age |
| 20:06 | Research | Gold Mining |
| 20:20 | Build | House |
| 20:43 | Create | Villager (Male) |
| 20:46 | Create | Archer |
| 21:07 | Create | Archer |
| 21:29 | Create | Archer |
| 21:38 | Create | Archer |
| 21:51 | Create | Archer |
| 22:15 | Build | House |
| 22:15 | Create | Villager (Male) |
| 22:31 | Age | Castle Age |
| 22:33 | Create | Villager (Male) |
| 22:35 | Build | University |
| 22:36 | Create | Villager (Male) |
| 22:39 | Build | Town Center |
| 22:46 | Build | Town Center |
| 22:47 | Research | Bow Saw |
| 22:49 | Research | Crossbowman (upgrade) |
| 22:53 | Create | Villager (Male) |
| 22:57 | Build | Monastery |
| 23:06 | Create | Villager (Male) |
| 23:09 | Research | Guard Tower (upgrade) |
| 23:11 | Research | Bodkin Arrow |
| 23:14 | Create | Villager (Male) |
| 23:15 | Build | Lumber Camp |
| 23:41 | Create | Monk |
| 23:47 | Build | House |
| 23:55 | Create | Villager (Male) |
| 23:56 | Create | Villager (Male) |
| 24:01 | Create | Villager (Male) |
| 24:05 | Create | Villager (Male) |
| 24:07 | Create | Villager (Male) |
| 24:08 | Build | Farm |
| 24:16 | Build | Farm |
| 24:17 | Build | Farm |
| 24:26 | Create | Villager (Male) |
Build order — RoR | Vodka_L_2
First 150 of 254 actions detected
| 0:00 | Create | Villager (Male) |
| 0:02 | Build | House |
| 0:02 | Build | House |
| 0:09 | Create | Villager (Male) |
| 0:09 | Create | Villager (Male) |
| 0:15 | Create | Villager (Male) |
| 0:16 | Create | Villager (Male) |
| 1:25 | Create | Villager (Male) |
| 1:46 | Build | Lumber Camp |
| 1:56 | Create | Villager (Male) |
| 1:57 | Create | Villager (Male) |
| 2:21 | Create | Villager (Male) |
| 2:21 | Create | Villager (Male) |
| 2:48 | Create | Villager (Male) |
| 2:48 | Create | Villager (Male) |
| 3:18 | Create | Villager (Male) |
| 3:36 | Create | Villager (Male) |
| 3:50 | Build | House |
| 3:50 | Build | House |
| 4:13 | Build | Mill |
| 4:23 | Create | Villager (Male) |
| 4:42 | Create | Villager (Male) |
| 5:11 | Create | Villager (Male) |
| 5:31 | Create | Villager (Male) |
| 5:31 | Create | Villager (Male) |
| 5:53 | Create | Villager (Male) |
| 6:21 | Build | Lumber Camp |
| 6:35 | Create | Villager (Male) |
| 7:20 | Create | Villager (Male) |
| 7:42 | Create | Villager (Male) |
| 7:52 | Build | Farm |
| 7:55 | Build | Farm |
| 7:59 | Build | House |
| 8:19 | Research | Feudal Age |
| 9:00 | Build | Mining Camp |
| 9:05 | Research | Loom |
| 9:18 | Build | Palisade Wall |
| 9:27 | Build | Palisade Wall |
| 9:29 | Build | Palisade Wall |
| 10:07 | Build | Palisade Wall |
| 10:30 | Age | Feudal Age |
| 10:33 | Build | Watch Tower |
| 10:34 | Create | Villager (Male) |
| 10:58 | Build | House |
| 11:07 | Create | Villager (Male) |
| 11:24 | Build | Watch Tower |
| 11:26 | Create | Villager (Male) |
| 11:40 | Build | House |
| 11:44 | Build | Market |
| 11:50 | Create | Villager (Male) |
| 11:52 | Build | Farm |
| 11:53 | Research | Horse Collar |
| 12:09 | Create | Villager (Male) |
| 12:30 | Build | Farm |
| 12:31 | Build | Farm |
| 12:43 | Create | Villager (Male) |
| 12:53 | Research | Double-Bit Axe |
| 12:59 | Build | Stone Wall |
| 13:00 | Build | Stone Wall |
| 13:03 | Build | Stone Wall |
| 13:05 | Build | Stone Wall |
| 13:17 | Build | Mining Camp |
| 13:24 | Create | Villager (Male) |
| 13:34 | Build | Stone Wall |
| 13:34 | Build | Stone Wall |
| 13:35 | Build | Stone Wall |
| 13:52 | Create | Villager (Male) |
| 14:15 | Build | Market |
| 14:18 | Create | Villager (Male) |
| 14:25 | Build | Blacksmith |
| 14:46 | Build | Stone Wall |
| 14:48 | Create | Villager (Male) |
| 14:49 | Build | Farm |
| 14:51 | Create | Villager (Male) |
| 15:08 | Build | Watch Tower |
| 15:15 | Create | Villager (Male) |
| 15:16 | Build | Farm |
| 15:28 | Build | Farm |
| 15:52 | Research | Castle Age |
| 16:42 | Build | Market |
| 16:46 | Build | Farm |
| 16:48 | Build | Farm |
| 17:07 | Research | Gold Mining |
| 17:35 | Build | Farm |
| 17:49 | Build | Farm |
| 18:04 | Build | Market |
| 18:06 | Build | Market |
| 18:14 | Build | Market |
| 18:23 | Build | Farm |
| 18:25 | Create | Villager (Male) |
| 18:32 | Age | Castle Age |
| 18:37 | Build | Siege Workshop |
| 18:52 | Create | Villager (Male) |
| 19:11 | Create | Mangonel |
| 19:15 | Build | House |
| 19:17 | Create | Villager (Male) |
| 19:30 | Build | Mining Camp |
| 19:36 | Build | House |
| 19:42 | Create | Villager (Male) |
| 20:06 | Research | Bow Saw |
| 20:07 | Create | Villager (Male) |
| 20:16 | Create | Mangonel |
| 20:42 | Create | Villager (Male) |
| 21:02 | Create | Villager (Male) |
| 21:11 | Create | Mangonel |
| 21:19 | Build | Town Center |
| 21:28 | Create | Villager (Male) |
| 21:56 | Create | Villager (Male) |
| 22:08 | Create | Villager (Male) |
| 22:09 | Create | Villager (Male) |
| 22:09 | Create | Villager (Male) |
| 22:25 | Create | Villager (Male) |
| 22:26 | Create | Villager (Male) |
| 22:28 | Build | Town Center |
| 22:39 | Build | Farm |
| 22:40 | Build | Farm |
| 22:56 | Create | Villager (Male) |
| 23:03 | Create | Villager (Male) |
| 23:07 | Build | Farm |
| 23:08 | Build | Farm |
| 23:08 | Build | Farm |
| 23:29 | Create | Villager (Male) |
| 23:38 | Create | Villager (Male) |
| 23:40 | Create | Villager (Male) |
| 23:41 | Build | Farm |
| 23:44 | Build | Farm |
| 23:56 | Create | Villager (Male) |
| 24:01 | Create | Villager (Male) |
| 24:09 | Create | Villager (Male) |
| 24:18 | Create | Mangonel |
| 24:23 | Create | Villager (Male) |
| 24:25 | Create | Villager (Male) |
| 24:27 | Create | Villager (Male) |
| 24:29 | Build | House |
| 24:30 | Build | House |
| 24:36 | Build | House |
| 24:36 | Build | House |
| 24:37 | Build | House |
| 24:42 | Create | Villager (Male) |
| 24:46 | Build | Farm |
| 24:46 | Build | Farm |
| 24:47 | Build | Farm |
| 24:48 | Build | House |
| 24:49 | Build | House |
| 24:55 | Create | Villager (Male) |
| 24:58 | Create | Mangonel |
| 25:08 | Build | House |
| 25:11 | Build | House |
| 25:11 | Build | House |
| 25:14 | Create | Villager (Male) |
Match timeline
| 7:00 | wR.Sebastian · first_building Barracks |
| 8:01 | wR.Sebastian · age_up feudal |
| 8:02 | wR.Sebastian · first_building Archery Range |
| 9:18 | RoR | Vodka_L_2 · wall_segment Palisade Wall x5 |
| 9:27 | RoR | Vodka_L_2 · wall_segment Palisade Wall x6 |
| 9:29 | RoR | Vodka_L_2 · wall_segment Palisade Wall x7 |
| 10:07 | RoR | Vodka_L_2 · wall_segment Palisade Wall x1 |
| 10:30 | RoR | Vodka_L_2 · age_up feudal |
| 12:59 | RoR | Vodka_L_2 · wall_segment Stone Wall x1 |
| 13:00 | RoR | Vodka_L_2 · wall_segment Stone Wall x1 |
| 13:03 | RoR | Vodka_L_2 · wall_segment Stone Wall x1 |
| 13:05 | RoR | Vodka_L_2 · wall_segment Stone Wall x2 |
| 13:34 | RoR | Vodka_L_2 · wall_segment Stone Wall x1 |
| 13:34 | RoR | Vodka_L_2 · wall_segment Stone Wall x1 |
| 13:35 | RoR | Vodka_L_2 · wall_segment Stone Wall x1 |
| 14:46 | RoR | Vodka_L_2 · wall_segment Stone Wall x1 |
| 18:32 | RoR | Vodka_L_2 · age_up castle |
| 18:37 | RoR | Vodka_L_2 · first_building Siege Workshop |
| 21:54 | RoR | Vodka_L_2 · first_market_sell 100 food |
| 22:31 | wR.Sebastian · age_up castle |
| 22:57 | wR.Sebastian · first_building Monastery |
| 26:13 | wR.Sebastian · first_building Siege Workshop |
| 26:30 | RoR | Vodka_L_2 · wall_segment Stone Wall x2 |
| 30:33 | RoR | Vodka_L_2 · first_market_buy 100 stone |
| 30:58 | RoR | Vodka_L_2 · first_building Castle |
| 33:01 | wR.Sebastian · first_building Castle |
| 34:40 | wR.Sebastian · age_up imperial |
| 34:47 | RoR | Vodka_L_2 · resign |
[ AI ANALYSIS · 1 CREDIT ]
What really happened in this match?
Wolo.gg analyzes every decision: build order, eco, micro, common mistakes by bracket. Personalized analysis on WhatsApp or Discord in 30 seconds.
Civ guide
Italians
Perfil
Jugador #2783660